 Dungeon Crawl Stone Soup version 0.29.1-2-gbd0b4ee654 (webtiles) character file.

Game seed: 6949426589984874247

1579 croobank the Caller (level 8, -18/52 (54) HPs)
             Began as an Octopode Summoner on Nov 11, 2022.
             Was an Initiate of Gozag.
             Engulfed by their own flame (20 damage)
             ... on level 7 of the Dungeon.
             The game lasted 00:31:00 (9284 turns).

croobank the Caller (Octopode Summoner)             Turns: 9284, Time: 00:31:01

HP:   -18/52 (54)   AC:  1    Str:  7    XL:     8   Next: 91%
MP:   13/23         EV: 29    Int: 20    God:    Gozag
Gold: 796           SH:  3    Dex: 12    Spells: 0/15 levels left

rFire   . . .      SeeInvis .   b - +2 hand axe (elec)
rCold   . . .      Faith    .   G - +0 buckler
rNeg    . . .      Spirit   .   (helmet restricted)
rPois   .          Reflect  .   v - amulet of the acrobat
rElec   .          Harm     .   d - ring of resist corrosion
rCorr   +          Rampage  .   f - ring of magical power
Will    .....                   (no ring)
Stlth   ++++......              (no ring)
HPRegen 0.17/turn               (no ring)
MPRegen 0.18/turn               (no ring)
                                (no ring)
                                (no ring)

@: about to teleport, acrobatic, lightly drained
A: almost no armour, amphibious, 8 rings, camouflage 1, gelatinous body 1,
(nimble swimmer 1), tentacles
a: Renounce Religion, Potion Petition, Call Merchant, Bribe Branch


You were on level 7 of the Dungeon.
You worshipped Gozag.
Gozag was pleased with you.
You visited 1 branch of the dungeon, and saw 7 of its levels.

You collected 853 gold pieces.
You paid 57 gold pieces to Gozag.

Inventory:

Hand Weapons
 b - a +2 hand axe of electrocution (weapon)
 o - a +0 hand axe of venom
 r - a +0 war axe
 s - a +0 morningstar
 t - a +0 falchion
 C - a +2 halberd of freezing
 D - a +3 short sword of venom
 E - a +5 halberd
Missiles
 e - 3 atropa-tipped darts
 q - 10 poisoned darts
Armour
 G - a +0 buckler (worn)
Magical Staves
 l - a staff of fire
 z - a staff of earth
Jewellery
 d - a ring of resist corrosion (left tentacle)
 f - a ring of magical power (right tentacle)
 v - an amulet of the acrobat (around mantle)
Wands
 h - a wand of mindburst (7)
 i - a wand of flame (35)
Scrolls
 g - 3 scrolls of silence
 j - 2 scrolls of vulnerability
 n - 6 scrolls of teleportation
 p - a scroll of immolation
 w - a scroll of amnesia {unknown}
 x - a scroll of fear {unknown}
 y - 3 scrolls of enchant armour {unknown}
 F - a scroll of butterflies {unknown}
Potions
 a - a potion of magic
 c - a potion of lignification
 k - a potion of resistance
 m - 2 potions of brilliance
 B - 2 potions of cancellation


   Skills:
 + Level 3.7 Fighting
 - Level 0.4 Short Blades
 + Level 0.7(2.2) Axes
 + Level 3.3 Maces & Flails
 + Level 4.6 Dodging
 - Level 5.7 Stealth
 + Level 4.3 Spellcasting
 + Level 3.6 Hexes
 + Level 5.9 Summonings
 + Level 1.4 Air Magic


You couldn't memorise any spells.
You knew the following spells:

 Your Spells              Type           Power      Damage    Failure   Level
a - Summon Small Mammal   Summ           100%       N/A       1%          1
b - Call Imp              Summ           27%        N/A       2%          2
c - Call Canine Familiar  Summ           27%        N/A       4%          3
d - Summon Guardian Gole  Hex/Summ       23%        N/A       7%          3
e - Blink                 Tloc           8%         N/A       26%         2
f - Summon Lightning Spi  Summ/Air       19%        N/A       36%         4

Your spell library contained the following spells:

 Spells                   Type           Power      Damage    Failure   Level
 Ensorcelled Hibernation  Hex/Ice        22%        N/A       12%         2
 Dazzling Flash           Conj/Hex       22%        N/A       24%         3
 Passwall                 Tmut/Erth      3%         N/A       26%         2
 Swiftness                Air            10%        N/A       28%         3
 Lesser Beckoning         Tloc           4%         N/A       45%         3
 Silence                  Hex/Air        7%         N/A       86%         5
 Agony                    Necr           4%         N/A       99%         5
 Manifold Assault         Tloc           4%         N/A       99%         5


Dungeon Overview and Level Annotations

Branches:
Dungeon (7/15)             Temple (0/1) D:5

Altars:
Dithmenos
Fedhas
Gozag
Kikubaaqudgha
Makhleb
Uskayaw
Vehumet
Zin

Annotations:
D:4 Edmund
D:5 Pikel


Innate Abilities, Weirdness & Mutations

You cannot wear most types of armour.
You are amphibious.
You can wear up to eight rings at the same time.
Your skin changes colour to match your surroundings (Stealth+).
Your rubbery body absorbs attacks. (AC +1, EV +1)
((You are camouflaged when in or above water. (Stealth+)))
You have tentacles for arms and can constrict up to eight enemies at once.


Message History

You hit the wight but do no damage.
The wight is lightly damaged.
You constrict the wight, but do no damage.
The wight hits you with a +0 war axe!
* * * LOW HITPOINT WARNING * * *
The wight barely misses your guardian golem.
Okay, then.
Okay, then.
Casting: Summon Guardian Golem (dangerous; 7% risk of failure)
Confirm with . or Enter, or press ? or * to list all spells.
Okay, then.
Okay, then.
Okay, then.
It was a potion of heal wounds.
You feel much better.
You constrict the wight, but do no damage.
The wight hits you with a +0 war axe!
You feel drained.
The wight hits your guardian golem with a +0 war axe.
As you read the scroll of teleportation, it crumbles to dust.
You feel strangely unstable.
You constrict the wight. The wight hits you with a +0 war axe!
* * * LOW HITPOINT WARNING * * *
The wight hits your guardian golem with a +0 war axe.
Okay, then.
Casting: Summon Guardian Golem (dangerous; 7% risk of failure)
Confirm with . or Enter, or press ? or * to list all spells.
You constrict the wight, but do no damage.
The water moccasin bites your hound.
Your guardian golem overheats!
The wight hits you with a +0 war axe!
* * * LOW HITPOINT WARNING * * *
The wight hits your guardian golem with a +0 war axe.
Flame seeps out of your guardian golem.
Okay, then.
Okay, then.
Okay, then.
Really wriggle into that cloud of flame?
You swap places.
You release your grip on the wight.
You are engulfed in blazing flames.
You die...
Your body crumbles into a pile of gold.

##.##...# .#
#.......##.#
#...........
#..##......#
#..##......#
###.).....##.#
#............#
####..S....#########
......##.#....$S@h9#
####§.##.#.#######z#
..§.S..z.........#
#.#.....#.#####.###
#)#.....#.# #. #
#.###.#.. . ...
..#### ## .... ..#


You could see a water moccasin (ally target), a wight (ally target), a friendly
guardian golem (summoned, inner flame) and a friendly hound (summoned,
sheltered).

Vanquished Creatures
  Duvessa (D:4)
  A water moccasin (D:7)
  A centaur (D:7)
  A bullfrog (D:6)
  3 wights (D:6)
  Dowan (D:4)
  A hound (D:5)
  Ijyb (D:5)
  2 orc wizards
  A worm (D:3)
  3 dart slugs
  5 orcs
  3 ball pythons
  A bat (D:2)
  2 endoplasms
  4 giant cockroaches
  3 goblins
  4 hobgoblins
  4 jackals (D:4)
  2 rats (D:3)
  A spectral kobold (D:1)
45 creatures vanquished.

Vanquished Creatures (collateral kills)
  An ice beast (D:6)
  A sky beast (D:6)
  An ogre (D:5)
  2 scorpions
  2 wights (D:6)
  A howler monkey (D:5)
  A hound (D:7)
  A jelly (D:4)
  An iguana (D:6)
  A mummy (D:6)
  2 gnolls
  An adder (D:4)
  A white imp (D:6)
  3 worms
  3 dart slugs
  4 orcs
  5 ball pythons
  10 endoplasms
  A giant cockroach (D:2)
  4 goblins
  A hobgoblin (D:1)
  4 quokkas (D:3)
  2 bats
  2 frilled lizards (D:2)
  6 kobolds
  2 kobold zombies (D:6)
  2 orc zombies (D:6)
  6 rats
71 creatures vanquished.

Vanquished Creatures (others)
  2 wights (D:7)
  A hound (D:7)
  A fungus (D:1)
  4 plants (D:6)
8 creatures vanquished.

Grand Total: 124 creatures vanquished

Notes
Turn   | Place    | Note
-------+----------+-------------------------------------------
     0 | D:1      | croobank the Octopode Summoner began the quest for the Orb.
     0 | D:1      | Reached XP level 1. HP: 11/11 MP: 3/3
   312 | D:1      | Reached XP level 2. HP: 6/17 MP: 5/5
   779 | D:1      | Learned a level 2 spell: Call Imp
  1041 | D:1      | Reached XP level 3. HP: 8/21 MP: 2/6
  1082 | D:1      | Learned a level 3 spell: Call Canine Familiar
  1468 | D:1      | Found a faded altar of an unknown god.
  2942 | D:2      | Reached XP level 4. HP: 20/27 MP: 3/7
  3716 | D:3      | Found an ancient bone altar of Kikubaaqudgha.
  3808 | D:3      | Found a glowing silver altar of Zin.
  3874 | D:3      | Found a hide-covered altar of Uskayaw.
  3878 | D:3      | Found a shadowy altar of Dithmenos.
  3882 | D:3      | Found an opulent altar of Gozag.
  3887 | D:3      | Became a worshipper of Gozag Ym Sagoz the Greedy
  4350 | D:4      | Noticed a scorpion
  4383 | D:4      | Killed a scorpion
  4384 | D:4      | Reached skill level 1 in Fighting
  4384 | D:4      | Reached XP level 5. HP: 11/33 MP: 1/9
  4685 | D:4      | Noticed Duvessa
  4688 | D:4      | Noticed Dowan
  4713 | D:4      | Killed Dowan
  4714 | D:4      | Reached skill level 1 in Hexes
  4722 | D:4      | Killed Duvessa
  4723 | D:4      | Reached skill level 1 in Maces & Flails
  4723 | D:4      | Reached XP level 6. HP: 9/39 MP: 2/10
  5211 | D:4      | Noticed Edmund
  5262 | D:5      | Entered Level 5 of the Dungeon
  5379 | D:4      | Learned a level 3 spell: Summon Guardian Golem
  5382 | D:4      | Learned a level 2 spell: Blink
  5933 | D:5      | Noticed Ijyb
  5975 | D:5      | Killed Ijyb
  6092 | D:5      | Reached XP level 7. HP: 19/45 MP: 11/11
  6189 | D:5      | Reached skill level 5 in Stealth
  6307 | D:5      | Found a radiant altar of Vehumet.
  6498 | D:5      | HP: 1/45 [lemure[Pikel] (9)]
  6858 | D:5      | Reached skill level 5 in Summonings
  7109 | D:5      | Found a burning altar of Makhleb.
  7141 | D:5      | Found a staircase to the Ecumenical Temple.
  7254 | D:5      | Noticed Pikel
  7658 | D:6      | Reached XP level 8. HP: 29/51 MP: 13/13
  7828 | D:6      | Found a blossoming altar of Fedhas.
  8427 | D:6      | Learned a level 4 spell: Summon Lightning Spire
  8844 | D:7      | Reached skill level 1 in Air Magic
  9187 | D:7      | Identified the +0 cloak of Hedge Wizardry {Str+3 Int+3}
  9283 | D:7      | HP: 2/52 [wight/+0 war axe (12)]
  9284 | D:7      | Engulfed by their own flame

Illustrated notes

Levels and vault maps discovered:
D:1:      minmay_arrival_plants_in_alcoves, layout_loops_corners,
          dreamdust_ecumenical_altar_drowned_temple, minmay_tromino_v2
D:2:      layout_basic
D:3:      layout_basic, minitemple, old_standard_altar, zin_scriptorium,
          portal_sewer_entry_f
D:4:      minmay_wonky_spiral, layout_loops_corners, minmay_manual_mail,
          uniq_duvessa, uniq_edmund
D:5:      layout_loops_ring, mainiacjoe_overflow_catwalk,
          mainiacjoe_overflow_concentric_impassable,
          minmay_temple_entry_antechambers, chequers_serial_rivers_micro_a,
          uniq_ijyb, uniq_pikel
D:6:      layout_rooms, mainiacjoe_overflow_boulevard, minmay_mini_ossuary
D:7:      layout_basic, kennysheep_mini, corexii_checkpoint_b

Skill      XL: |  1  2  3  4  5  6  7  8 |
---------------+-------------------------+-----
Stealth        | 3 4 5 |  5.7
Fighting       | 1 2 3 |  3.7
Dodging        | 3 4 |  4.6
Spellcasting   | 3 4 |  4.3
Hexes          | 1 2 3 |  3.6
Maces & Flails | 1 2 3 |  3.3
Summonings     | 5 |  5.9
Air Magic      | 1 |  1.4
Short Blades   | |  0.4
Axes           | |  0.7

Action                   |  1- 3 |  4- 6 |  7- 9 || total
-------------------------+-------+-------+-------++-------
Melee: Unarmed           |    44 |    68 |    53 ||   165
       Constrict         |    11 |    21 |     9 ||    41
       Tentacles         |    14 |    20 |    21 ||    55
       Punch             |       |     1 |     1 ||     2
       Short sword       |       |       |     5 ||     5
       Hand axe          |       |       |     3 ||     3
 Cast: Summon Small Mamm |    20 |    19 |    17 ||    56
       Call Imp          |     6 |     3 |    12 ||    21
       Call Canine Famil |     9 |    21 |    24 ||    54
       Summon Guardian G |       |       |     5 ||     5
Evoke: Wand              |       |       |     8 ||     8
  Use: Scroll            |       |     6 |     7 ||    13
       Potion            |       |     3 |     8 ||    11
 Stab: Sleeping          |     6 |     7 |     1 ||    14
       Distracted        |       |     1 |       ||     1
Armor: Skin              |     3 |     1 |     6 ||    10
Dodge: Dodged            |    20 |    43 |    66 ||   129
Block: Buckler           |       |       |    10 ||    10
